 Dungeon Crawl Stone Soup version 0.28.0-62-gf88900778d (webtiles) character file.

Game seed: 8663062910672322074

361 Froggeryz the Firebug (level 6, 0/36 HPs)
             Began as an Octopode Fire Elementalist on Nov 3, 2023.
             Was an Initiate of Vehumet.
             Slain by Crazy Yiuf
             ... wielding a +4 quarterstaff of chaos
              (15 damage)
             ... on level 4 of the Dungeon.
             The game lasted 00:06:26 (4070 turns).

Froggeryz the Firebug (Octopode Fire Elementalist)  Turns: 4070, Time: 00:06:27

Health: 0/36       AC:  1    Str:  7    XL:     6   Next: 66%
Magic:  15/18      EV: 13    Int: 19    God:    Vehumet [......]
Gold:   129        SH:  0    Dex: 13    Spells: 6/9 levels left

rFire   . . .      SeeInvis .   g - +1 dagger (protect)
rCold   . . .      Faith    .   (no shield)
rNeg    . . .      Spirit   .   (helmet restricted)
rPois   .          Reflect  .   (no amulet)
rElec   .          Harm     .   e - ring of magical power
rCorr   .          Rampage  .   (no ring)
Will    .....                   (no ring)
Stlth   +++.......              (no ring)
HPRegen 0.12/turn               (no ring)
MPRegen 0.16/turn               (no ring)
                                (no ring)
                                (no ring)

@: no status effects
A: almost no armour, amphibious, 8 rings, camouflage 1, gelatinous body 1,
(nimble swimmer 1), tentacles
a: Renounce Religion


You were on level 4 of the Dungeon.
You worshipped Vehumet.
Vehumet was noncommittal.
You visited 1 branch of the dungeon, and saw 4 of its levels.

You collected 129 gold pieces.

Inventory:

Hand Weapons
 g - a +1 dagger of protection (weapon)
Jewellery
 e - a ring of magical power (left tentacle)
Scrolls
 a - a scroll of identify
 c - a scroll of enchant weapon
 j - a scroll of teleportation
Potions
 b - a potion of curing {unknown}
 d - a potion of resistance {unknown}
 f - a potion of flight {unknown}
 h - 2 potions of brilliance
 i - a potion of cancellation {unknown}


   Skills:
 - Level 2.0 Dodging
 - Level 2.6 Stealth
 - Level 2.0 Spellcasting
 + Level 3.7 Conjurations
 * Level 6.2 Fire Magic


You had 6 spell levels left.
You knew the following spells:

 Your Spells              Type           Power      Damage    Failure   Level
a - Foxfire               Conj/Fire      80%        2x1d8     2%          1
b - Scorch                Fire           50%        2d7       1%          2

Your spell library contained the following spells:

 Spells                   Type           Power      Damage    Failure   Level
 Conjure Flame            Conj/Fire      20%        6-21      7%          3
 Inner Flame              Hex/Fire       13%        N/A       14%         3
 Flame Wave               Conj/Fire      20%        2d7       22%         4
 Ensorcelled Hibernation  Hex/Ice        2%         N/A       26%         2
 Passwall                 Tmut/Erth      0%         N/A       26%         2
 Swiftness                Air            1%         N/A       45%         3


Dungeon Overview and Level Annotations

Branches:
Dungeon (4/15)
 Temple: D:4-7

Altars:
Vehumet

Annotations:
D:4 Crazy Yiuf


Innate Abilities, Weirdness & Mutations

You cannot wear most types of armour.
You are amphibious.
You can wear up to eight rings at the same time.
Your skin changes colour to match your surroundings (Stealth+).
Your rubbery body absorbs attacks. (AC +1, EV +1)
((You are camouflaged when in or above water. (Stealth+)))
You have tentacles for arms and can constrict up to eight enemies at once.


Message History

The foxfire hits the jackal but does no damage. x2
Casting: Foxfire (safe; 2% risk of failure)
Confirm with . or Enter, or press ? or * to list all spells.
You conjure some foxfire!
The jackal completely misses you.
Casting: Foxfire (safe; 2% risk of failure)
Confirm with . or Enter, or press ? or * to list all spells.
You conjure some foxfire!
The foxfire hits the jackal but does no damage.
The foxfire hits the jackal.
The jackal is moderately wounded.
The jackal completely misses you.
Your foxfire dissipates!
The foxfire hits the jackal.
You kill the jackal!
Vehumet accepts your kill.
Crazy Yiuf shouts!
You open the door.
Crazy Yiuf grits, "You!"
A jackal comes into view.
The jackal barks!
Casting: Foxfire (safe; 2% risk of failure)
Confirm with . or Enter, or press ? or * to list all spells.
You conjure some foxfire!
Casting: Foxfire (safe; 2% risk of failure)
Confirm with . or Enter, or press ? or * to list all spells.
You conjure some foxfire!
The foxfire hits Crazy Yiuf.
Crazy Yiuf is lightly wounded.
The foxfire hits Crazy Yiuf.
Crazy Yiuf is moderately wounded.
Crazy Yiuf hits you with a +4 quarterstaff of chaos!
Casting: Foxfire (safe; 2% risk of failure)
Confirm with . or Enter, or press ? or * to list all spells.
You conjure some foxfire!
The foxfire hits Crazy Yiuf but does no damage.
Crazy Yiuf is moderately wounded.
The foxfire hits Crazy Yiuf!
Crazy Yiuf is severely wounded.
Crazy Yiuf hits you with a +4 quarterstaff of chaos!
Space warps horribly around you!
You die...

......## ♣♣g♣
.......# ♣.♣♣
.......# ♣♣.♣ ###
.......# ♣♣.♣♣ ###.#
.....)## ♣♣.P.♣
##...# .......#####
♣P.PP♣ ###..###
[.....#.##.# #....#
##..###
.....###.#.####.g..#
###..## .....#
##.....h.@v####..###
..<.##
#.†....§.v##...##
#####
#............###
#...........##
##...........##
#..#....).....##
#.######.......##
##.# #######..# #..#
##.##


You could see Crazy Yiuf (ally target) and a jackal.

Vanquished Creatures
  A water moccasin skeleton (D:4)
  3 orc priests (D:3)
  A hound (D:4)
  2 orc wizards (D:3)
  9 adders
  An adder skeleton (D:4)
  2 worms (D:2)
  9 orcs
  8 bats
  4 endoplasms
  5 giant cockroaches
  6 goblins
  3 hobgoblins
  A jackal (D:4)
  3 quokkas
  2 ball pythons
  A frilled lizard (D:3)
  7 kobolds
  6 rats
74 creatures vanquished.

Vanquished Creatures (others)
  2 orc wizards (D:3)
  2 orcs (D:3)
  A kobold (D:3)
  265 foxfires
270 creatures vanquished.

Grand Total: 344 creatures vanquished

Notes
Turn   | Place    | Note
-------+----------+-------------------------------------------
     0 | D:1      | Froggeryz the Octopode Fire Elementalist began the quest
                  | for the Orb.
     0 | D:1      | Reached XP level 1. HP: 11/11 MP: 3/3
    39 | D:1      | Found a faded altar of an unknown god.
   278 | D:1      | Reached XP level 2. HP: 17/17 MP: 0/5
   977 | D:2      | Reached XP level 3. HP: 21/21 MP: 6/6
  1224 | D:2      | Reached skill level 4 in Fire Magic
  1641 | D:2      | Reached XP level 4. HP: 27/27 MP: 7/7
  2383 | D:3      | Learned a level 2 spell: Scorch
  2467 | D:3      | Reached skill level 5 in Fire Magic
  2467 | D:3      | Reached XP level 5. HP: 31/31 MP: 3/8
  2595 | D:3      | Found a radiant altar of Vehumet.
  2651 | D:3      | Became a worshipper of Vehumet
  2930 | D:3      | Reached XP level 6. HP: 36/36 MP: 8/9
  3811 | D:4      | Reached skill level 6 in Fire Magic
  3944 | D:4      | Found a runed translucent door.
  3945 | D:4      | Noticed Crazy Yiuf
  4070 | D:4      | Slain by Crazy Yiuf

Illustrated notes

Levels and vault maps discovered:
D:1:      ebering_hopf_link, layout_basic, dreamdust_ecumenical_altar_grove
D:2:      layout_loops_ring, serial_co_window_serial, co_window_corner_a,
          co_window_corner_a, co_window_of_opportunity_a,
          co_window_of_opportunity_a, co_window_corner_a, co_window_corner_ca,
          co_window_of_opportunity_b, co_window_unsneaky_path_e,
          co_window_unsneaky_path_b, co_window_unsneaky_path_e,
          co_window_4corner_b, glass_columns_a, glass_columns_b,
          glass_columns_a, glass_columns_a, glass_columns_b
D:3:      layout_loops_ring, fiery_altar_vehumet
D:4:      layout_cave_pods, uniq_crazy_yiuf_cottage

Skill      XL: |  1  2  3  4  5  6 |
---------------+-------------------+-----
Fire Magic     | 4 5 6 |  6.2
Conjurations   | 2 3 |  3.7
Dodging        | |  2.0
Stealth        | |  2.6
Spellcasting   | |  2.0

Action                   |  1- 3 |  4- 6 || total
-------------------------+-------+-------++-------
Melee: Unarmed           |     1 |       ||     1
       Quarterstaff      |       |     2 ||     2
       Constrict         |       |     1 ||     1
 Cast: Foxfire           |    57 |   106 ||   163
       Scorch            |       |     6 ||     6
  Use: Scroll            |       |     3 ||     3
Armor: Skin              |     2 |     3 ||     5
Dodge: Dodged            |    14 |    22 ||    36
